 Dungeon Crawl Stone Soup version 0.24.0-1-gfbc8707 (webtiles) character file.

Game seed: 9875230637255775484, levelgen mode: deterministic

633115 SLaR the Conqueror (level 27, -15/273 HPs)
             Began as a Minotaur Fighter on Jan 9, 2020.
             Was the Champion of Okawaru.
             Killed by a mummy priest's death curse (20 damage)
             ... on level 2 of the Tomb of the Ancients on Jan 10, 2020.
             The game lasted 04:54:23 (57567 turns).

SLaR the Conqueror (Minotaur Fighter)              Turns: 57567, Time: 04:54:24

Health: -15/273    AC: 46    Str: 34    XL:     27
Magic:  23/25      EV: 22    Int: 13    God:    Okawaru [******]
Gold:   5913       SH: 28    Dex: 15    Spells: 26/26 levels left

rFire    + . .     SeeInvis +   c - +9 broad axe of a sewer {chop, +Rage rF+}
rCold    + . .     Gourm    .   w - +0 large shield
rNeg     + + +     Faith    .   Y - +9 scales of the Dragon King {rPois rF+ rC+ MR+}
rPois    +         Spirit   .   E - +2 hat {MR+}
rElec    .         Reflect  .   X - +0 cloak of Wonder {rPois MR+ rCorr Dex-3}
rCorr    +         Harm     .   Z - +0 pair of gloves of Eschekkirr {rN+ Dex+6 SInv}
MR       +++++                  i - +2 pair of boots {Stlth+}
Stlth    ..........             o - amulet "Toshrag" {rC- MR+++ Regen+ MP-9 Int+4}
HPRegen  0.95/turn              T - ring "Dawkibia" {Ice *Contam rN+ Str+2 Slay+6}
MPRegen  0.19/turn              V - ring of Suppea Qulao {+Inv rN+ MR++ Int+4 Slay-6}

@: heroism, finesse, marked, flayed, very slightly contaminated, hasted and
slowed, invisible
A: retaliatory headbutt, horns 2
}: 3/15 runes: serpentine, barnacled, silver
a: Heroism, Finesse, Renounce Religion, Evoke Berserk Rage


You were on level 2 of the Tomb of the Ancients.
You worshipped Okawaru.
Okawaru was exalted by your worship.
You were not hungry.

You visited 11 branches of the dungeon, and saw 50 of its levels.
You visited the Abyss 1 time.
You visited 1 bazaar.
You also visited: Ossuary, Gauntlet, Ice Cave and Wizlab.

You collected 8201 gold pieces.
You spent 2288 gold pieces at shops.

Inventory:

Hand Weapons
 c - the +9 broad axe of a sewer (weapon) {chop, +Rage rF+}
   (You found it on level 3 of the Elven Halls)

   It inflicts extra damage upon your enemies.
   It protects you from fire.
   It lets you go berserk.
 D - a +2 sacred scourge of holy wrath
 L - the +9 flail of Izezidod {pain, *Noise rF+ Int-4 Dex+5}
   (You found it on level 3 of the Crypt)

   In the hands of one skilled in necromantic magic, it inflicts extra damage on
   living creatures.
   It affects your intelligence (-4).
   It affects your dexterity (+5).
   It protects you from fire.
   It may make noises in combat.
 S - the +10 flail of Innocence {antimagic, rElec rPois rN+}
   (You found it on level 3 of the Elven Halls)

   It reduces the magical energy of the wielder, and disrupts the spells and
   magical abilities of those hit.
   Natural abilities and divine invocations are not affected.
   It insulates you from electricity.
   It protects you from poison.
   It protects you from negative energy.
Missiles
 y - 61 silver javelins (quivered)
Armour
 i - a +2 pair of boots of stealth (worn)
 w - a +0 large shield (worn)
 E - a +2 hat of magic resistance (worn)
 R - a scarf of spirit shield
 X - the +0 cloak of Wonder (worn) {rPois MR+ rCorr Dex-3}
   (You found it on level 1 of the Crypt)

   It affects your dexterity (-3).
   It protects you from poison.
   It affects your resistance to hostile enchantments.
   It provides partial protection from all sources of acid and corrosion.
 Y - the +9 scales of the Dragon King (worn) {rPois rF+ rC+ MR+}
   (You found it on level 3 of the Elven Halls)

   It protects you from fire.
   It protects you from cold.
   It protects you from poison.
   It affects your resistance to hostile enchantments.
 Z - the +0 pair of gloves of Eschekkirr (worn) {rN+ Dex+6 SInv}
   (Okawaru gifted it to you on level 3 of the Shoals)

   It affects your dexterity (+6).
   It protects you from negative energy.
   It lets you see invisible.
Jewellery
 o - the amulet "Toshrag" (around neck) {rC- MR+++ Regen+ MP-9 Int+4}
   (You found it on level 3 of the Elven Halls)

   [amulet of regeneration]

   It affects your intelligence (+4).
   It makes you vulnerable to cold.
   It affects your resistance to hostile enchantments.
   It affects your magic capacity (-9).
   It increases your rate of regeneration.
 G - the ring "Efeiv" {rC+ Dex+3 Slay+4}
   (You found it in a wizard's laboratory)

   [ring of slaying]

   It affects your dexterity (+3).
   It affects your accuracy and damage with ranged weapons and melee attacks
   (+4).
   It protects you from cold.
 K - the ring "Tiovem" {rPois rC+ rN+}
   (You took it off a vault sentinel on level 1 of the Vaults)

   [ring of protection from cold]

   It protects you from cold.
   It protects you from poison.
   It protects you from negative energy.
 T - the ring "Dawkibia" (left hand) {Ice *Contam rN+ Str+2 Slay+6}
   (You found it in a Gauntlet)

   [ring of ice]

   It enhances your ice magic.
   It affects your strength (+2).
   It affects your accuracy and damage with ranged weapons and melee attacks
   (+6).
   It makes you vulnerable to fire.
   It protects you from cold.
   It protects you from negative energy.
   It causes magical contamination when unequipped.
 V - the ring of Suppea Qulao (right hand) {+Inv rN+ MR++ Int+4 Slay-6}
   (You found it on level 3 of the Crypt)

   [ring of positive energy]

   It affects your intelligence (+4).
   It affects your accuracy and damage with ranged weapons and melee attacks
   (-6).
   It protects you from negative energy.
   It affects your resistance to hostile enchantments.
   It lets you turn invisible.
Wands
 b - a wand of disintegration (29)
 d - a wand of iceblast (77)
 x - a wand of acid (14)
 C - a wand of polymorph (52)
 F - a wand of digging (18)
 H - a wand of scattershot (6)
 J - a wand of flame (128)
 M - a wand of enslavement (39)
Scrolls
 e - 11 scrolls of fear
 g - 29 scrolls of teleportation
 h - 8 scrolls of fog
 j - 32 scrolls of remove curse
 k - 7 scrolls of enchant weapon
 m - 2 scrolls of brand weapon
 v - 3 scrolls of summoning
 I - 4 scrolls of magic mapping
 N - 9 scrolls of enchant armour
 O - a scroll of holy word
 Q - 4 scrolls of identify
 W - 4 scrolls of silence
Potions
 a - 4 potions of mutation
 p - 7 potions of curing
 q - 6 potions of cancellation
 s - 2 potions of ambrosia
 t - 6 potions of might
 u - 5 potions of haste
 z - 3 potions of invisibility
 A - 4 potions of resistance
 B - 3 potions of berserk rage
 P - 6 potions of agility
Comestibles
 f - 76 rations


   Skills:
 O Level 27 Fighting
 * Level 25.4(27) Axes
 - Level 10.0(15.0) Throwing
 + Level 22.4(27) Armour
 - Level 18.6(23.6) Dodging
 - Level 20.2(25.2) Shields
 - Level 17.9 Invocations
 - Level 7.7 Evocations


You had 26 spell levels left.
You didn't know any spells.
Your spell library contained the following spells:

 Spells                   Type           Power        Failure   Level  Hunger
 Animate Skeleton         Necr           N/A          80%         1    ##.....
 Apportation              Tloc           #.....       80%         1    ##.....
 Beastly Appendage        Tmut           #.....       80%         1    ##.....
 Confusing Touch          Hex            #.....       80%         1    ##.....
 Corona                   Hex            #......      80%         1    ##.....
 Infusion                 Chrm           #...         80%         1    ##.....
 Magic Dart               Conj           #...         80%         1    ##.....
 Pain                     Necr           #...         80%         1    ##.....
 Sandblast                Erth           #.....       80%         1    ##.....
 Sting                    Conj/Pois      #...         80%         1    ##.....
 Summon Butterflies       Summ           #.......     80%         1    ##.....
 Blink                    Tloc           N/A          90%         2    ###....
 Call Imp                 Summ           #.......     90%         2    ###....
 Corpse Rot               Necr           N/A          90%         2    ###....
 Ensorcelled Hibernation  Hex/Ice        #.....       90%         2    ###....
 Passwall                 Tmut/Erth      #.......     90%         2    ###....
 Poisonous Vapours        Pois/Air       #.....       90%         2    ###....
 Shroud of Golubria       Chrm/Tloc      #.....       90%         2    ###....
 Slow                     Hex            #.......     90%         2    ###....
 Song of Slaying          Chrm           #.......     90%         2    ###....
 Sticks to Snakes         Tmut           #.......     90%         2    ###....
 Sublimation of Blood     Necr           #.........   90%         2    ###....
 Swiftness                Chrm/Air       #.......     90%         2    ###....
 Call Canine Familiar     Summ           #.......     99%         3    ####...
 Confuse                  Hex            #.......     99%         3    ####...
 Conjure Flame            Conj/Fire      #.......     99%         3    ####...
 Dazzling Spray           Conj/Hex       #.....       99%         3    ####...
 Gell's Gravitas          Tloc           #.........   99%         3    ####...
 Lesser Beckoning         Tloc           #.........   99%         3    ####...
 Mephitic Cloud           Conj/Pois/Air  #.......     99%         3    ####...
 Portal Projectile        Hex/Tloc       #.....       99%         3    ####...
 Recall                   Summ/Tloc      N/A          99%         3    ####...
 Regeneration             Chrm/Necr      #.........   99%         3    ####...
 Spectral Weapon          Hex/Chrm       #.......     99%         3    ####...
 Spider Form              Tmut/Pois      #.........   99%         3    ####...
 Static Discharge         Conj/Air       #.......     99%         3    ####...
 Stone Arrow              Conj/Erth      #.....       99%         3    ####...
 Teleport Other           Tloc           #.......     99%         3    ####...
 Tukima's Dance           Hex            #.......     99%         3    ####...
 Vampiric Draining        Necr           #.........   99%         3    ####...
 Animate Dead             Necr           N/A          100%        4    #####..
 Ice Form                 Ice/Tmut       #.......     100%        4    #####..
 Leda's Liquefaction      Hex/Erth       #.........   100%        4    #####..
 Olgreb's Toxic Radiance  Pois           #.......     100%        4    #####..
 Passage of Golubria      Tloc           N/A          100%        4    #####..
 Petrify                  Tmut/Erth      #.......     100%        4    #####..
 Summon Lightning Spire   Summ/Air       #.......     100%        4    #####..
 Blade Hands              Tmut           #.........   100%        5    ######.
 Bolt of Draining         Conj/Necr      #.........   100%        5    ######.
 Bolt of Magma            Conj/Fire/Erth #.........   100%        5    ######.
 Borgnjor's Vile Clutch   Necr/Erth      #.........   100%        5    ######.
 Lee's Rapid Deconstruct  Erth           #.........   100%        5    ######.
 Lightning Bolt           Conj/Air       #.........   100%        5    ######.
 Metabolic Englaciation   Hex/Ice        #.........   100%        5    ######.
 Silence                  Hex/Air        #.........   100%        5    ######.
 Summon Mana Viper        Hex/Summ       #.......     100%        5    ######.
 Venom Bolt               Conj/Pois      #.........   100%        5    ######.
 Yara's Violent Unravell  Hex/Tmut       #.........   100%        5    ######.
 Conjure Ball Lightning   Conj/Air       #.........   100%        6    #######
 Death Channel            Necr           #.........   100%        6    #######
 Deflect Missiles         Chrm/Air       #.........   100%        6    #######
 Dispersal                Tloc           #.........   100%        6    #######
 Iron Shot                Conj/Erth      #.........   100%        6    #######
 Poison Arrow             Conj/Pois      #.........   100%        6    #######
 Shadow Creatures         Summ           N/A          100%        6    #######
 Simulacrum               Ice/Necr       #.........   100%        6    #######
 Statue Form              Tmut/Erth      #........    100%        6    #######
 Malign Gateway           Summ/Tloc      #.........   100%        7    #######
 Monstrous Menagerie      Summ           #.........   100%        7    #######
 Summon Greater Demon     Summ           #.........   100%        7    #######
 Summon Hydra             Summ           #.........   100%        7    #######
 Chain Lightning          Conj/Air       #.........   100%        8    #######
 Lehudib's Crystal Spear  Conj/Erth      #.........   100%        8    #######
 Summon Horrible Things   Summ           #.........   100%        8    #######
 Fire Storm               Conj/Fire      #.........   100%        9    #######
 Glaciate                 Conj/Ice       #.........   100%        9    #######
 Shatter                  Erth           #.........   100%        9    #######
 Tornado                  Air            #.........   100%        9    #######


Dungeon Overview and Level Annotations

Branches:
Dungeon (15/15)            Temple (1/1) D:6            Lair (6/6) D:10
 Shoals (4/4) Lair:4        Snake (4/4) Lair:2        Slime (0/5) Lair:6
    Orc (2/2) D:12            Elf (3/3) Orc:2        Vaults (5/5) D:14
  Crypt (3/3) Vaults:3       Tomb (2/3) Crypt:3      Depths (5/5) D:15
    Zot (0/5) Depths:5    Ossuary (visited)           IceCv (visited)
 WizLab (visited)         Gauntlet (visited)

Altars:
Ashenzari
Cheibriados
Dithmenos
Elyvilon
Fedhas
Gozag
Hepliaklqana
Kikubaaqudgha
Makhleb
Nemelex Xobeh
Okawaru
Qazlal
Ru
Sif Muna
Trog
Uskayaw
Vehumet
Wu Jian
Xom
Yredelemnul
Zin
The Shining One
Beogh
Jiyva

Shops:
D:8 =   D:12 :   Orc:1 !   Orc:2 }*%[   Elf:2 (   Elf:3 =(%?   Shoals:1 }
Shoals:2 [   Snake:3 (   Depths:4 ?   Depths:5 *

Portals:
Hell: Depths:1 Depths:2 Depths:3 Depths:4 Depths:5
Abyss: Depths:4
Pandemonium: Depths:3
Ziggurat: Depths:4


Innate Abilities, Weirdness & Mutations

You reflexively headbutt those who attack you in melee.
You have a pair of horns on your head.


Message History

You speak a Word of immense power!
The mummy convulses!
You destroy the mummy!
Okawaru accepts your kill.
The phantasmal warrior convulses!
You destroy the phantasmal warrior!
The phantasmal warrior convulses!
The guardian mummy convulses!
You destroy the guardian mummy!
Okawaru accepts your kill.
The guardian mummy convulses! x2; The ancient lich convulses!
You destroy the ancient lich!
Okawaru accepts your kill.
The phantasmal warrior disappears in a puff of smoke!
The lich convulses!
The shadow wraith convulses!
The ancient champion convulses!
The mummy priest convulses!
You destroy the mummy priest!
Okawaru accepts your kill.
The shadow wraith disappears in a puff of smoke!
You feel extremely nervous for a moment...
You convulse helplessly as pain tears through your body!
You die...

#....M..#§.#
.#.....Mz#b.#....#
#......ZL8#.#....#
#......8z8##.....#
........ZM.#§8...#
#.........##....^#
#.....^...# #.L..#
.#......M#..#...§#
#.......#..#...@#
.#.....#..M)#.b.#
...#..?#... .#..M#
....###..... #...#
#...# ...z# .....'
......#


You could see a lich (dazed), 2 bennus, an ancient champion (dazed), 2 guardian
mummies and an ushabti.

Vanquished Creatures
  5 ancient liches
  Mennas (Vaults:4)
  2 juggernauts (Depths:3)
  Boris (thrice) (Vaults:4 Vaults:5 Crypt:2)
  A greater mummy (Tomb:2)
  Bai Suzhen (Shoals:3)
  Sojobo (Vaults:4)
  The ghost of Qiokh the Slayer, a veteran MiBe of Trog (Elf:2)
  Saint Roka (Vaults:5)
  The ghost of Woadakig the Executioner, a veteran FoFi of Dithmenos (Crypt:1)
  A caustic shrike (Depths:3)
  Jory (Vaults:4)
  4 golden dragons
  The ghost of abarbat the Executioner, an adept MiBe of Trog (Vaults:1)
  5 liches
  6 tentacled monstrosities (Vaults:5)
  Rupert (D:14)
  2 deep elf blademasters (Elf:3)
  Asterion (Elf:2)
  A quicksilver dragon (Depths:3)
  2 titans (Depths:3)
  2 deep elf master archers (Elf:3)
  10 sphinxes
  Polyphemus (Shoals:3)
  3 ancient champions
  5 storm dragons
  7 tengu reavers
  4 shadow dragons
  A draconian monk (Depths:5)
  13 nagarajas
  3 revenants
  6 fire giants
  An orc warlord (Orc:2)
  16 vault wardens
  6 frost giants
  3 iron dragons
  Aizul (Snake:1)
  11 ghouls
  8 deep elf sorcerers
  A caustic shrike zombie (Depths:3)
  4 curse skulls
  2 balrugs (WizLab)
  A cacodemon (WizLab)
  A draconian stormcaller (Depths:5)
  4 deep elf elementalists (Elf:3)
  19 ironheart preservers
  2 spriggan defenders (Depths:3)
  A reaper (Crypt:2)
  An entropy weaver (shapeshifter) (Depths:3)
  An entropy weaver (Vaults:4)
  36 very ugly things
  A war gargoyle (Vaults:5)
  9 vampire knights
  22 stone giants
  Nessos (D:15)
  A green draconian (Depths:5)
  A dire elephant (shapeshifter) (Vaults:2)
  A black sun (WizLab)
  10 deep elf demonologists
  2 red draconians (Depths:5)
  A purple draconian (Depths:5)
  6 spark wasps
  Azrael (Snake:1)
  A minotaur (Gauntlet)
  A dire elephant (D:15)
  5 deep elf annihilators (Elf:3)
  2 white draconians (Depths:5)
  3 green deaths (WizLab)
  4 blizzard demons
  A spectral quicksilver dragon (Crypt:1)
  8 eidola
  16 ettins
  4 fire dragons
  4 large abominations (Depths:4)
  14 deep elf death magi
  2 crystal guardians
  3 deep elf high priests
  7 merfolk javelineers
  7 mummy priests
  5 jiangshi
  11 great orbs of eyes
  10 merfolk impalers
  23 yaktaur captains
  7 rakshasas
  7 hydras
  11 ice dragons
  6 spriggan air magi
  22 naga warriors
  2 catoblepae
  Erica (D:11)
  32 vault guards
  4 merfolk avatars
  A queen ant (Lair:2)
  55 two-headed ogres
  10 deep troll shamans
  A satyr (Shoals:4)
  24 dancing weapons
  2 alligator snapping turtles
  9 death knights
  24 anacondas
  9 centaur warriors
  13 ogre magi
  21 death scarabs
  7 merfolk aquamancers
  11 vampire magi
  Urug (Lair:5)
  8 deep troll earth magi
  4 orc high priests (Orc:2)
  A spectral dire elephant (Crypt:1)
  2 death yaks (Shoals:3)
  4 spriggan berserkers
  21 deep elf knights
  5 soul eaters
  A spectral storm dragon (Crypt:1)
  6 tengu warriors
  9 shock serpents
  2 sun demons
  24 naga sharpshooters
  A spectral death yak (Gauntlet)
  A spectral emperor scorpion (Crypt:1)
  3 iron trolls
  2 spark wasp zombies
  A fire crab (Lair:5)
  A spectral ghost moth (Crypt:1)
  A fire crab (shapeshifter) (Vaults:5)
  A sixfirhy (WizLab)
  4 salamander mystics
  6 unseen horrors
  An anaconda zombie (Crypt:1)
  25 deep trolls
  9 sea snakes
  An unseen horror (shapeshifter) (Vaults:4)
  42 skeletal warriors
  A spectral anaconda (Crypt:3)
  23 shadow wraiths
  A wizard (Depths:1)
  An infernal demonspawn (Depths:3)
  A spectral hydra (Gauntlet)
  26 ironbrand convokers
  14 flayed ghosts
  A glowing orange brain (shapeshifter) (Depths:3)
  2 spectral iron dragons
  16 deep elf archers
  4 lindwurms (Snake:4)
  2 wolf spider zombies
  An orb spider (shapeshifter) (Depths:1)
  A tengu zombie (Vaults:2)
  3 glowing orange brains
  51 deep elf magi
  9 naga ritualists
  A spectral wolf spider (Crypt:1)
  12 harpies
  A wolf spider (shapeshifter) (Vaults:2)
  11 orc knights
  24 phantasmal warriors
  8 necromancers
  4 orc sorcerers
  4 oklob plants (Lair:2)
  13 cyclopes
  38 ugly things
  4 fauns (Shoals:1)
  A shadow dragon skeleton (Depths:3)
  A frost giant zombie (Tomb:1)
  An iron dragon zombie (Depths:3)
  20 elephants
  9 manticores
  10 mana vipers
  4 wolf spiders
  16 salamanders
  3 stone giant skeletons
  2 moths of wrath (shapeshifter) (Vaults:2)
  3 spectral ettins
  37 black mambas
  A fire giant skeleton (Vaults:2)
  15 merfolk sirens
  25 naga magi
  A rust devil (WizLab)
  21 vault sentinels
  4 smoke demons
  A black mamba (shapeshifter) (Vaults:5)
  A gargoyle (D:10)
  An eye of devastation (shapeshifter) (Depths:1)
  12 guardian serpents
  5 ice statues (IceCv)
  A shock serpent skeleton (Crypt:2)
  2 dire elephant zombies
  8 water nymphs
  2 spiny frogs (shapeshifter) (Vaults:4)
  A catoblepas zombie (Crypt:1)
  3 orange demons (WizLab)
  25 spiny frogs
  A death yak zombie (Crypt:1)
  50 yaktaurs
  A dire elephant skeleton (Crypt:1)
  An orc skeleton (Vaults:2)
  A yaktaur (shapeshifter) (Vaults:1)
  4 rime drakes
  2 komodo dragons (shapeshifter)
  11 ice devils
  5 komodo dragons
  A kobold demonologist (D:14)
  A ghost moth simulacrum (Crypt:1)
  2 tormentors
  2 efreet
  21 freezing wraiths
  6 guardian mummies
  A green draconian skeleton (Crypt:1)
  A hellwing (WizLab)
  An anaconda simulacrum (IceCv)
  2 death yak skeletons (Crypt:2)
  4 tengu conjurers
  5 red devils
  2 jumping spiders (Vaults:4)
  A queen bee (Lair:2)
  21 merfolk
  4 tyrant leeches (Lair:6)
  A jumping spider (shapeshifter) (Vaults:4)
  A golden dragon simulacrum (IceCv)
  A human skeleton (Vaults:2)
  A queen ant zombie (Crypt:3)
  A wandering mushroom (D:10)
  7 trolls
  9 wind drakes
  A polar bear (shapeshifter) (Vaults:3)
  A sphinx simulacrum (Vaults:3)
  An ice dragon zombie (Crypt:2)
  An alligator zombie (Crypt:2)
  A raiju (shapeshifter) (Depths:4)
  A fire giant simulacrum (Vaults:3)
  A spectral dream sheep (Gauntlet)
  A stone giant simulacrum (Vaults:2)
  A spectral swamp dragon (Crypt:1)
  4 bog bodies
  32 blink frogs
  A harpy skeleton (Crypt:1)
  4 raiju (Abyss:4)
  4 snapping turtles
  12 hippogriffs
  7 small abominations (Depths:4)
  12 dream sheep
  29 slime creatures
  12 flying skulls
  2 air elementals
  2 redbacks (Vaults:4)
  4 wyverns
  An ettin skeleton (Vaults:2)
  10 shadows
  2 spriggans (shapeshifter)
  A tarantella (shapeshifter) (Depths:2)
  18 wraiths
  12 ushabtiu (Tomb:1)
  2 basilisks
  6 chaos spawn
  18 water elementals
  Grum (D:8)
  9 fire elementals
  6 vampire mosquitoes (Lair:6)
  27 yaks
  A fire dragon skeleton (Crypt:1)
  A golden eye (shapeshifter) (Vaults:3)
  5 ynoxinuls
  Eustachio (D:4)
  6 hungry ghosts
  A neqoxec (WizLab)
  A black mamba skeleton (Crypt:2)
  2 iron troll simulacra (IceCv)
  55 nagas
  7 acid dragons
  3 harpy simulacra (IceCv)
  11 wargs
  2 hell hounds (Snake:1)
  20 water moccasins
  3 hydra simulacra (IceCv)
  A floating eye (shapeshifter) (Vaults:5)
  6 soldier ants
  A spectral troll (Crypt:1)
  A water moccasin (shapeshifter) (Vaults:1)
  A torturous demonspawn skeleton (Crypt:3)
  8 porcupines
  A swamp drake (D:10)
  51 orc warriors
  3 sky beasts
  2 black bears (shapeshifter)
  2 black bears
  2 hornet zombies (Ossuary)
  A necrophage (Crypt:1)
  An eye of draining (shapeshifter) (Vaults:3)
  An eye of draining (D:14)
  4 ice beasts
  A swamp dragon zombie (Crypt:1)
  A manticore zombie (Crypt:2)
  2 black mamba simulacra (Crypt:1)
  2 phantoms
  2 ettin simulacra
  10 boggarts
  2 human zombies
  2 snapping turtle skeletons
  37 ogres
  16 wolves
  4 centaurs
  13 crocodiles
  4 big kobolds
  A draconian skeleton (Crypt:1)
  31 bullfrogs
  A glowing shapeshifter simulacrum (Vaults:1)
  An earth elemental (Elf:1)
  A hornet simulacrum (Vaults:1)
  7 scorpions
  A manticore simulacrum (Crypt:2)
  A swamp dragon simulacrum (Crypt:1)
  50 killer bees
  5 wights
  4 electric eels
  9 crimson imps
  8 howler monkeys
  4 quasits
  8 centaur zombies
  3 bullfrog zombies
  41 orc priests
  5 hounds
  8 jellies
  A gnoll shaman (Orc:2)
  29 orc wizards
  2 black bear skeletons (Crypt:1)
  3 bullfrog skeletons
  3 centaur skeletons
  An iron imp (D:10)
  3 iguanas
  16 worker ants
  A demonspawn skeleton (Crypt:3)
  7 hell rats (Lair:6)
  2 killer bee zombies (Ossuary)
  A deep dwarf zombie (Crypt:1)
  A naga skeleton (Crypt:2)
  3 hound zombies
  A hound skeleton (D:4)
  40 mummies
  A howler monkey zombie (D:6)
  Robin (D:2)
  2 worker ant zombies
  12 adders
  A steam dragon skeleton (Crypt:3)
  5 shadow imps
  3 white imps
  An ufetubus (Depths:3)
  18 oozes
  A worm zombie (Crypt:1)
  2 adder zombies (Ossuary)
  An adder skeleton (D:9)
  A halfling skeleton (Crypt:3)
  2 worms (D:4)
  3 dart slugs
  2 leopard geckos
  146 orcs
  2 giant cockroaches
  14 goblins
  16 hobgoblins
  15 jackals
  A ball python (D:5)
  A ball python zombie (Crypt:3)
  10 bats
  3 frilled lizards
  3 jackal zombies (Ossuary)
  18 kobolds
  A kobold skeleton (Crypt:3)
  A leopard gecko skeleton (D:6)
  2 leopard gecko zombies
  2 quokka zombies
  6 rats
  2 crawling corpses (Depths:4)
  A fungus (Lair:6)
  28 plants
2733 creatures vanquished.

Vanquished Creatures (collateral kills)
  A Hellbinder (WizLab)
  A vault guard (Vaults:5)
  2 orange demons (WizLab)
  An ice devil (WizLab)
  2 tormentors (WizLab)
7 creatures vanquished.

Vanquished Creatures (others)
  A deep elf knight (Elf:1)
  A naga ritualist (Snake:4)
  3 deep elf magi (Elf:1)
  A black mamba (Snake:1)
  2 boggarts (Vaults:1)
  A crimson imp (D:6)
  An orc priest (D:6)
  A mummy (Tomb:2)
  2 oozes (D:10)
  A ball lightning (Tomb:1)
  2 orcs (D:6)
  12 fungi
  A lurking horror (Abyss:4)
  34 plants
  2 withered plants (Ossuary)
65 creatures vanquished.

Grand Total: 2805 creatures vanquished

Notes
Turn   | Place    | Note
-------+----------+-------------------------------------------
     0 | D:1      | SLaR the Minotaur Fighter began the quest for the Orb.
     0 | D:1      | Reached XP level 1. HP: 19/19 MP: 0/0
   126 | D:1      | Reached XP level 2. HP: 24/27 MP: 1/1
   159 | D:1      | Reached skill level 4 in Fighting
   603 | D:2      | Reached XP level 3. HP: 33/33 MP: 2/2
   711 | D:2      | Found a hazy altar of Hepliaklqana.
   728 | D:2      | Noticed Robin
   745 | D:2      | Killed Robin
   845 | D:2      | Reached XP level 4. HP: 40/40 MP: 3/3
  1098 | D:2      | Reached skill level 1 in Dodging
  1290 | D:3      | Reached skill level 1 in Throwing
  1461 | D:3      | Reached XP level 5. HP: 41/47 MP: 4/4
  1512 | D:3      | Found a bloodstained altar of Trog.
  1528 | D:3      | Found a white marble altar of Elyvilon.
  2241 | D:4      | Reached skill level 5 in Shields
  2564 | D:4      | Reached XP level 6. HP: 49/53 MP: 5/5
  2688 | D:4      | Noticed Eustachio
  2716 | D:4      | Killed Eustachio
  2716 | D:4      | Reached skill level 5 in Axes
  2716 | D:4      | Reached XP level 7. HP: 47/60 MP: 6/6
  2756 | D:4      | Reached skill level 5 in Fighting
  2988 | D:5      | Entered Level 5 of the Dungeon
  2988 | D:5      | Found a burning altar of Makhleb.
  3078 | D:5      | Reached skill level 5 in Armour
  3229 | D:5      | Reached XP level 8. HP: 50/69 MP: 7/7
  3316 | D:5      | Found a shattered altar of Ashenzari.
  3345 | D:5      | Found a shadowy altar of Dithmenos.
  3345 | D:5      | Found a snail-covered altar of Cheibriados.
  3489 | D:5      | Found a sparkling altar of Nemelex Xobeh.
  4245 | D:6      | Found a shimmering altar of Xom.
  4415 | D:6      | Found a staircase to the Ecumenical Temple.
  4424 | Temple   | Entered the Ecumenical Temple
  4456 | Temple   | Became a worshipper of Warmaster Okawaru
  4727 | D:7      | Reached skill level 6 in Fighting
  4825 | D:7      | Found a sand-covered staircase.
  4834 | Ossuary  | Entered an ossuary
  4988 | Ossuary  | Reached XP level 9. HP: 50/75 MP: 8/8
  5000 | Ossuary  | Reached * piety under Okawaru
  5525 | D:7      | Found a sparkling altar of Nemelex Xobeh.
  6083 | D:8      | Found an ornate altar of the Wu Jian Council.
  6196 | D:8      | Noticed Grum
  6200 | D:8      | Reached ** piety under Okawaru
  6209 | D:8      | Killed Grum
  6209 | D:8      | Reached skill level 7 in Fighting
  6244 | D:8      | Reached skill level 5 in Dodging
  6323 | D:8      | Found Umazxida's Jewellery Boutique.
  6404 | D:8      | Noticed a two-headed ogre
  6417 | D:8      | Killed a two-headed ogre
  6417 | D:8      | Reached XP level 10. HP: 59/86 MP: 6/9
  6713 | D:8      | Found a basalt altar of Yredelemnul.
  6910 | D:9      | Reached skill level 5 in Throwing
  7056 | D:9      | Found a stormy altar of Qazlal.
  7106 | D:9      | Reached skill level 10 in Shields
  7302 | D:9      | Reached *** piety under Okawaru
  7403 | D:9      | Found a shimmering blue altar of Sif Muna.
  7461 | D:9      | Found a sacrificial altar of Ru.
  7564 | D:10     | Entered Level 10 of the Dungeon
  7608 | D:10     | Reached skill level 1 in Evocations
  7614 | D:10     | Reached skill level 1 in Invocations
  7706 | D:10     | Killed an unseen horror
  7706 | D:10     | Reached **** piety under Okawaru
  7706 | D:10     | Reached skill level 10 in Axes
  7723 | D:10     | Reached skill level 8 in Fighting
  7810 | D:10     | Found a staircase to the Lair.
  7956 | D:10     | Noticed a deep elf mage
  7968 | D:10     | Killed a deep elf mage
  7968 | D:10     | Reached XP level 11. HP: 52/94 MP: 8/11
  8140 | D:10     | Noticed a deep elf mage
  8149 | D:10     | Killed a deep elf mage
  8156 | D:10     | Got a spiked hat
  8167 | D:10     | Identified the -3 hat "Nukhu" {*Slow +Fly Int+3 Dex+6} (You
                  | found it on level 10 of the Dungeon)
  8859 | D:10     | Noticed an oklob plant
  8860 | D:10     | an oklob plant changed into a wandering mushroom
  8960 | D:11     | Reached ***** piety under Okawaru
  9459 | D:11     | Noticed Erica
  9486 | D:11     | Killed Erica
  9486 | D:11     | Received a gift from Okawaru
 10069 | D:12     | Received a gift from Okawaru
 10296 | D:12     | Found a staircase to the Orcish Mines.
 10303 | D:12     | Noticed a two-headed ogre
 10310 | D:12     | Killed a two-headed ogre
 10491 | D:12     | Found Jaefan's Book Boutique.
 10629 | D:12     | Noticed a deep elf mage
 10638 | D:12     | Killed a deep elf mage
 10760 | D:13     | Reached skill level 9 in Fighting
 10760 | D:13     | Reached XP level 12. HP: 104/104 MP: 13/13
 10867 | D:13     | Received a gift from Okawaru
 10897 | D:13     | Noticed a centaur warrior
 10904 | D:13     | Killed a centaur warrior
 11117 | D:13     | Noticed a centaur warrior
 11130 | D:13     | Killed a centaur warrior
 11708 | D:14     | Noticed Rupert
 11721 | D:14     | Noticed a two-headed ogre
 11728 | D:14     | Killed a two-headed ogre
 11743 | D:14     | Noticed a centaur warrior
 11752 | D:14     | Killed a centaur warrior
 11786 | D:14     | Received a gift from Okawaru
 11787 | D:14     | Got a pair of bloodstained gloves {god gift}
 11991 | D:14     | Noticed an ironheart preserver
 12003 | D:14     | Killed an ironheart preserver
 12162 | D:14     | Identified the +0 pair of gloves of Iwumuij {Int+4}
                  | (Okawaru gifted it to you on level 14 of the Dungeon)
 12263 | D:14     | Reached skill level 5 in Invocations
 12315 | D:14     | Reached XP level 13. HP: 110/112 MP: 15/15
 12514 | D:14     | Paralysed by Rupert for 4 turns
 12528 | D:14     | Killed Rupert
 12584 | D:14     | Found a gate to the Vaults.
 12954 | D:15     | Entered Level 15 of the Dungeon
 12959 | D:15     | Reached skill level 10 in Armour
 12969 | D:15     | Reached skill level 10 in Fighting
 13048 | D:15     | Reached skill level 5 in Evocations
 13144 | D:15     | Found a gate leading to a gauntlet.
 13145 | D:15     | Noticed Nessos
 13165 | D:15     | Killed Nessos
 13165 | D:15     | Received a gift from Okawaru
 13269 | Gauntlet | Entered a Gauntlet
 13269 | Gauntlet | Found a transporter.
 13420 | Gauntlet | Found a transporter.
 13435 | Gauntlet | Found a transporter.
 13439 | Gauntlet | Found a transporter.
 13451 | Gauntlet | Noticed an entropy weaver
 13452 | Gauntlet | Found a transporter.
 13473 | Gauntlet | Found a transporter.
 13489 | Gauntlet | Found a transporter.
 13493 | Gauntlet | Found a transporter.
 13503 | Gauntlet | Found a transporter.
 13503 | Gauntlet | Found a transporter.
 13507 | Gauntlet | Found a transporter.
 13571 | Gauntlet | Got a warped bronze ring
 13718 | Gauntlet | Identified the ring "Dawkibia" {Ice *Contam rN+ Str+2
                  | Slay+6} (You found it in a Gauntlet)
 13731 | Gauntlet | Received a gift from Okawaru
 13799 | Gauntlet | Identified the amulet "Qoofud" {Spirit +Inv}
 13799 | Gauntlet | Noticed a minotaur
 13812 | Gauntlet | Killed a minotaur
 13838 | Gauntlet | Got a bone broad axe
 13840 | Gauntlet | Identified the +10 broad axe of the Stars {flame, +Fly rF-
                  | MR+ Stlth+} (You found it in a Gauntlet)
 14211 | D:15     | Received a gift from Okawaru
 14299 | D:15     | Received a gift from Okawaru
 14512 | D:15     | Found a staircase to the Depths.
 14512 | D:15     | Noticed a dire elephant
 14519 | D:15     | Killed a dire elephant
 14556 | D:15     | Reached XP level 14. HP: 109/122 MP: 17/17
 14697 | Lair:1   | Entered Level 1 of the Lair of Beasts
 14967 | Lair:1   | Found an ornate altar of the Wu Jian Council.
 15594 | Lair:2   | Received a gift from Okawaru
 15721 | Lair:2   | Found a staircase to the Snake Pit.
 15794 | Lair:2   | Received a gift from Okawaru
 16926 | Lair:3   | Reached skill level 11 in Fighting
 17897 | Lair:2   | Got a crystal broad axe
 17911 | Lair:2   | Identified the +1 broad axe of Anguish {chop, *Contam
                  | +Blink Stlth+} (You found it on level 2 of the Lair of
                  | Beasts)
 18032 | Lair:4   | You fall into a shaft and drop 2 floors!
 18032 | Lair:6   | Entered Level 6 of the Lair of Beasts
 18127 | Lair:6   | Received a gift from Okawaru
 18177 | Lair:6   | Reached XP level 15. HP: 130/130 MP: 19/19
 18225 | Lair:6   | Reached skill level 15 in Shields
 18230 | Lair:6   | Received a gift from Okawaru
 18271 | Lair:6   | Reached ****** piety under Okawaru
 18286 | Lair:6   | Received a gift from Okawaru
 18721 | Lair:6   | Found a runed translucent door.
 18721 | Lair:6   | Found a viscous altar of Jiyva.
 18721 | Lair:6   | Found a staircase to the Slime Pits.
 19334 | Lair:5   | Reached skill level 15 in Axes
 19371 | Lair:5   | Noticed Urug
 19383 | Lair:5   | Killed Urug
 19441 | Lair:5   | Reached skill level 10 in Dodging
 20325 | Lair:4   | Found a staircase to the Shoals.
 20341 | Lair:4   | Received a gift from Okawaru
 20840 | Shoals:1 | Entered Level 1 of the Shoals
 20979 | Shoals:1 | Received a gift from Okawaru
 21169 | Shoals:1 | Reached skill level 12 in Fighting
 21189 | Shoals:1 | Received a gift from Okawaru
 21517 | Shoals:1 | Found Xeemp's Gadget Boutique.
 21656 | Shoals:2 | Reached XP level 16. HP: 114/139 MP: 19/21
 21738 | Shoals:2 | Found Nabuson's Antique Armour Shop.
 22153 | Shoals:3 | Noticed Bai Suzhen
 22167 | Shoals:3 | Killed Bai Suzhen
 22167 | Shoals:3 | Received a gift from Okawaru
 22167 | Shoals:3 | Received a gift from Okawaru
 22234 | Shoals:3 | Got a pair of encrusted gloves {god gift}
 22235 | Shoals:3 | Identified the +0 pair of gloves of Eschekkirr {rN+ Dex+6
                  | SInv} (Okawaru gifted it to you on level 3 of the Shoals)
 22449 | Shoals:3 | Reached skill level 10 in Throwing
 22756 | Shoals:3 | Noticed Polyphemus
 22793 | Shoals:3 | Killed Polyphemus
 23257 | Shoals:3 | Got a warped long sword
 23287 | Shoals:3 | Identified the +4 long sword of Paisec {slice, Str+4} (You
                  | found it on level 3 of the Shoals)
 23483 | Shoals:4 | Entered Level 4 of the Shoals
 24629 | Shoals:4 | Received a gift from Okawaru
 24630 | Shoals:4 | Found the +27 Lear's hauberk
 24657 | Shoals:4 | HP: 4/141 [manticore/volley of spikes (11)]
 25584 | Shoals:4 | Reached XP level 17. HP: 133/148 MP: 13/22
 25596 | Shoals:4 | Reached skill level 13 in Fighting
 25598 | Shoals:4 | Got a barnacled rune of Zot
 25845 | Snake:1  | Entered Level 1 of the Snake Pit
 25850 | Snake:1  | Noticed Aizul
 25860 | Snake:1  | Killed Aizul
 26634 | Snake:1  | Noticed Azrael
 26645 | Snake:1  | Killed Azrael
 26908 | Snake:1  | Received a gift from Okawaru
 27098 | Snake:1  | Found a transporter.
 27128 | Snake:1  | Received a gift from Okawaru
 27226 | Snake:1  | Identified the Handbook of Weightlessness
 27240 | Snake:1  | Found a transporter.
 27695 | Snake:2  | Found a frozen archway.
 27759 | IceCv    | Entered an ice cave
 28059 | IceCv    | Reached skill level 10 in Invocations
 28590 | Snake:2  | Received a gift from Okawaru
 29612 | Snake:2  | Reached XP level 18. HP: 71/159 MP: 3/24
 29977 | Snake:3  | Reached skill level 14 in Fighting
 30438 | Snake:3  | Found Rini's Weapon Shoppe.
 30470 | Snake:3  | Received a gift from Okawaru
 30752 | Snake:4  | Entered Level 4 of the Snake Pit
 30763 | Snake:4  | Received a gift from Okawaru
 31330 | Snake:4  | Received a gift from Okawaru
 31331 | Snake:4  | Got a pair of jewelled boots {god gift}
 31355 | Snake:4  | Identified a scroll of acquirement
 31405 | Snake:4  | Identified the -6 pair of boots of Miracles {+Fly MR+
                  | Regen+ Str-5} (Okawaru gifted it to you on level 4 of the
                  | Snake Pit)
 32277 | Snake:4  | Reached skill level 15 in Fighting
 32348 | Snake:4  | Reached skill level 15 in Armour
 32379 | Snake:4  | Reached XP level 19. HP: 95/170 MP: 23/26
 32446 | Snake:4  | Received a gift from Okawaru
 32528 | Snake:4  | Received a gift from Okawaru
 32848 | Snake:4  | Got a serpentine rune of Zot
 33180 | Orc:1    | Entered Level 1 of the Orcish Mines
 33344 | Orc:1    | Found Qitok's Distillery.
 33752 | Orc:2    | Entered Level 2 of the Orcish Mines
 33873 | Orc:2    | Found a roughly hewn altar of Beogh.
 33904 | Orc:2    | Found Sibb's Gadget Emporium.
 33918 | Orc:2    | Found Lithy's Assorted Antiques.
 33924 | Orc:2    | Reached skill level 16 in Fighting
 34209 | Orc:2    | Found a staircase to the Elven Halls.
 34391 | Orc:2    | Found a roughly hewn altar of Beogh.
 34646 | Orc:2    | Found Ynuow's Food Shoppe.
 34782 | Orc:2    | Found Weragir's Armour Boutique.
 35495 | Elf:1    | Entered Level 1 of the Elven Halls
 36189 | Elf:1    | Received a gift from Okawaru
 36882 | Elf:2    | Reached skill level 17 in Fighting
 36903 | Elf:2    | Found Muacirch's Antique Weapon Emporium.
 36927 | Elf:2    | Found a runed translucent gate.
 36927 | Elf:2    | Found a runed translucent gate.
 36927 | Elf:2    | Found a runed translucent gate.
 36957 | Elf:2    | Found a runed translucent gate.
 36957 | Elf:2    | Found a runed translucent gate.
 36958 | Elf:2    | Found a runed translucent gate.
 37174 | Elf:2    | Noticed Qiokh's ghost (veteran MiBe)
 37225 | Elf:2    | Killed Qiokh's ghost
 37246 | Elf:2    | Identified Casting Continued
 37252 | Elf:2    | Got faintly glowing ice dragon scales
 37253 | Elf:2    | Identified the +2 ice dragon scales of the Disturbing Scars
                  | {rElec rF- rC++ Int-2 SInv Stlth+} (You found it on level 2
                  | of the Elven Halls)
 37512 | Elf:2    | Noticed Asterion
 37523 | Elf:2    | Killed Asterion
 37523 | Elf:2    | Received a gift from Okawaru
 37617 | Elf:2    | Reached XP level 20. HP: 95/184 MP: 13/28
 38175 | Elf:2    | Got a pitted ring mail
 38176 | Elf:2    | Identified the +5 ring mail of Bucloe Xeal {rN++ MR+
                  | Slay+2} (You found it on level 2 of the Elven Halls)
 38192 | Elf:3    | Entered Level 3 of the Elven Halls
 38244 | Elf:3    | Found Nerij's Antique Weapon Shop.
 38364 | Elf:3    | Found Kishran's Magic Scroll Shoppe.
 38369 | Elf:3    | Bought a scroll of enchant weapon for 112 gold pieces
 38369 | Elf:3    | Bought a scroll of enchant weapon for 112 gold pieces
 38814 | Elf:3    | Reached skill level 18 in Fighting
 38867 | Elf:3    | Received a gift from Okawaru
 38874 | Elf:3    | Got a pair of warped boots {god gift}
 38929 | Elf:3    | Identified the -4 pair of boots "Kapeu" {Regen+ Str+6}
                  | (Okawaru gifted it to you on level 3 of the Elven Halls)
 39184 | Elf:3    | Got a jewelled plate armour
 39194 | Elf:3    | Identified the +9 plate armour of Lugonu's Hatred {Dex+4
                  | Stlth+} (You found it on level 3 of the Elven Halls)
 39248 | Elf:3    | Got a scintillating emerald amulet
 39250 | Elf:3    | Identified the amulet "Qaloog" {Inacc MR+ Int+4 SInv} (You
                  | found it on level 3 of the Elven Halls)
 39319 | Elf:3    | Found the +9 scales of the Dragon King {rPois rF+ rC+ MR+}
 39361 | Elf:3    | Got a scorched amethyst amulet
 39362 | Elf:3    | Identified the amulet "Toshrag" {rC- MR+++ Regen+ MP-9
                  | Int+4} (You found it on level 3 of the Elven Halls)
 39377 | Elf:3    | Got a translucent shield
 39388 | Elf:3    | Identified the cursed -1 shield of Fanaticism {+Blink
                  | Int+2} (You found it on level 3 of the Elven Halls)
 39394 | Elf:3    | Got a pitted iron amulet
 39396 | Elf:3    | Identified the amulet "Laussi" {Spirit rN+ Dex+5 Slay-5}
                  | (You found it on level 3 of the Elven Halls)
 39402 | Elf:3    | Got a transparent flail
 39403 | Elf:3    | Identified the +10 flail of Innocence {antimagic, rElec
                  | rPois rN+} (You found it on level 3 of the Elven Halls)
 39431 | Elf:3    | Got a shimmering broad axe
 39432 | Elf:3    | Identified the +9 broad axe of a sewer {chop, +Rage rF+}
                  | (You found it on level 3 of the Elven Halls)
 39533 | Elf:3    | Found Vatoahil's Food Emporium.
 39575 | Elf:3    | Found Fofuxtih's Jewellery Shop.
 39947 | Vaults:1 | Entered Level 1 of the Vaults
 40333 | Vaults:1 | Reached skill level 19 in Fighting
 40594 | Vaults:1 | Identified the ring "Tiovem" {rPois rC+ rN+}
 40622 | Vaults:1 | Reached XP level 21. HP: 198/198 MP: 21/30
 40628 | Vaults:1 | Received a gift from Okawaru
 40724 | Vaults:1 | Found a runed translucent gate.
 40724 | Vaults:1 | Noticed abarbat's ghost (adept MiBe)
 40725 | Vaults:1 | Found a runed translucent gate.
 40726 | Vaults:1 | Found a runed translucent gate.
 40846 | Vaults:1 | Received a gift from Okawaru
 40859 | Vaults:1 | Got a dazzling rapier {god gift}
 40860 | Vaults:1 | Identified the +3 rapier "Picus" {flame, +Blink rN+ Int+2
                  | Stlth+} (Okawaru gifted it to you on level 1 of the Vaults)
 41338 | Vaults:1 | Killed abarbat's ghost
 41506 | Vaults:2 | Received a gift from Okawaru
 41656 | Vaults:2 | Got a twisted leather armour
 41657 | Vaults:2 | Identified the +3 leather armour "Meginenn" {rPois rCorr
                  | MP-9} (You found it on level 2 of the Vaults)
 41681 | Vaults:2 | Reached skill level 20 in Fighting
 41703 | Vaults:2 | Received a gift from Okawaru
 41912 | Vaults:2 | Received a gift from Okawaru
 42765 | Vaults:3 | Found a staircase to the Crypt.
 42914 | Vaults:3 | Received a gift from Okawaru
 43126 | Vaults:3 | Reached skill level 15 in Dodging
 43126 | Vaults:3 | Reached XP level 22. HP: 210/211 MP: 20/31
 43176 | Vaults:3 | Reached skill level 21 in Fighting
 43969 | Vaults:4 | Received a gift from Okawaru
 43970 | Vaults:4 | Got a faintly humming chain mail {god gift}
 43972 | Vaults:4 | Cast into level 4 of the Abyss (the power of Zot)
 43992 | Abyss:4  | Got a shimmering pewter ring
 44033 | Vaults:4 | Escaped the Abyss
 44051 | Vaults:4 | Reached skill level 15 in Invocations
 44054 | Vaults:4 | Noticed Boris
 44069 | Vaults:4 | Noticed Jory
 44083 | Vaults:4 | Killed Jory
 44094 | Vaults:4 | Killed Boris
 44138 | Vaults:4 | Found a flickering gateway to a bazaar.
 44153 | Bazaar   | Entered a bazaar
 44153 | Bazaar   | Found Kutez's General Store.
 44153 | Bazaar   | Found Govig's Book Shop.
 44159 | Bazaar   | Found Totoulem's Distillery.
 44198 | Bazaar   | Found Itaczos's Antique Weapon Shop.
 44207 | Bazaar   | Found Leel's Gadget Shop.
 44241 | Bazaar   | Bought a manual of Axes for 1214 gold pieces
 44243 | Bazaar   | Identified the +2 chain mail "Kisoud" {Regen+} (Okawaru
                  | gifted it to you on level 4 of the Vaults)
 44246 | Bazaar   | Identified the ring of Afoerud {rN+ Stlth+} (You found it
                  | on level 4 of the Abyss)
 44413 | Vaults:4 | Noticed Sojobo
 44413 | Vaults:4 | Noticed Mennas
 44426 | Vaults:4 | Killed Sojobo
 44432 | Vaults:4 | Killed Mennas
 44432 | Vaults:4 | Reached skill level 22 in Fighting
 44636 | Vaults:4 | Received a gift from Okawaru
 45004 | Vaults:4 | Reached XP level 23. HP: 223/223 MP: 22/33
 45136 | Vaults:5 | Entered Level 5 of the Vaults
 45151 | Vaults:5 | Received a gift from Okawaru
 45175 | Vaults:5 | Received a gift from Okawaru
 45230 | Vaults:5 | Found the +7 mace of Variability {chain chaos}
 45351 | Vaults:5 | Got a slimy morningstar
 45352 | Vaults:5 | Identified the +8 morningstar of Disintegration {flame,
                  | +Blink} (You found it on level 5 of the Vaults)
 45398 | Vaults:5 | Identified the ring "Ygacuovi" {Fire SInv}
 45409 | Vaults:5 | Identified the +9 short sword "Von Sied" {freeze, +Inv rC+}
 45409 | Vaults:5 | Identified the ring of Kauloiti {*Tele +Inv}
 45460 | Vaults:5 | Found the +5 robe of Night {Dark MR+ SInv}
 45462 | Vaults:5 | Identified the Disquisition on the Traveller
 45465 | Vaults:5 | Got a silver rune of Zot
 45477 | Vaults:5 | Noticed Boris
 45487 | Vaults:5 | Killed Boris
 45554 | Vaults:5 | Noticed Saint Roka
 45560 | Vaults:5 | Reached skill level 23 in Fighting
 45573 | Vaults:5 | Killed Saint Roka
 45776 | Vaults:5 | Received a gift from Okawaru
 45890 | Vaults:5 | Got a translucent falchion
 45891 | Vaults:5 | Identified the cursed +3 falchion "Warruted" {venom, MR+
                  | Str-2 Int-5 Dex+9} (You found it on level 5 of the Vaults)
 45985 | Vaults:5 | Got a crude hand axe
 45986 | Vaults:5 | Identified the +3 hand axe "Otrucles" {speed, *Drain rPois
                  | Str+3} (You found it on level 5 of the Vaults)
 46593 | Crypt:1  | Entered Level 1 of the Crypt
 46722 | Crypt:1  | Reached XP level 24. HP: 182/236 MP: 14/34
 46746 | Crypt:1  | Received a gift from Okawaru
 46923 | Crypt:1  | Got a steaming animal skin {god gift}
 46924 | Crypt:1  | Identified the +1 animal skin of the First Snow {SInv}
                  | (Okawaru gifted it to you on level 1 of the Crypt)
 47483 | Crypt:1  | Found a runed translucent gate.
 47484 | Crypt:1  | Found a runed translucent gate.
 47484 | Crypt:1  | Noticed Woadakig's ghost (veteran FoFi)
 47485 | Crypt:1  | Found a runed translucent gate.
 47514 | Crypt:1  | Killed Woadakig's ghost
 47576 | Crypt:1  | Got a distressingly furry cloak
 47581 | Crypt:1  | Got a steaming cloak
 47592 | Crypt:1  | Identified the +1 cloak of Odghiu {*Drain rCorr Str-2 SInv}
                  | (You found it on level 1 of the Crypt)
 47602 | Crypt:1  | Identified the +0 cloak of Wonder {rPois MR+ rCorr Dex-3}
                  | (You found it on level 1 of the Crypt)
 47787 | Depths:1 | Entered Level 1 of the Depths
 47871 | Depths:1 | Found a gateway to Hell.
 47888 | Depths:1 | Reached skill level 24 in Fighting
 48001 | Depths:1 | Found a magical portal.
 48079 | WizLab   | Received a gift from Okawaru
 48546 | WizLab   | Found a burning altar of Makhleb.
 48560 | WizLab   | Got a bound iron ring
 48561 | WizLab   | Identified the ring "Efeiv" {rC+ Dex+3 Slay+4} (You found
                  | it in a wizard's laboratory)
 48587 | WizLab   | Identified the Handbook of Kismet
 48591 | WizLab   | Got a scintillating platinum ring
 48604 | WizLab   | Identified the ring "Kuppem" {rElec Int+3 Stlth-} (You
                  | found it in a wizard's laboratory)
 49651 | Depths:2 | Reached XP level 25. HP: 247/247 MP: 25/34
 49896 | Depths:2 | Received a gift from Okawaru
 50237 | Depths:3 | Found a one-way gate leading to the halls of Pandemonium.
 50318 | Depths:3 | Noticed a juggernaut
 50319 | Depths:3 | Noticed a juggernaut
 50330 | Depths:3 | Killed a juggernaut
 50337 | Depths:3 | Killed a juggernaut
 50338 | Depths:3 | Received a gift from Okawaru
 50415 | Depths:3 | Reached skill level 25 in Fighting
 50486 | Depths:3 | Received a gift from Okawaru
 50837 | Depths:3 | Noticed an ancient lich
 50858 | Depths:3 | Killed an ancient lich
 50871 | Depths:3 | Received a gift from Okawaru
 50872 | Depths:3 | Got an ichor-stained robe {god gift}
 50928 | Depths:3 | Identified the Reference Book on Evil
 51336 | Depths:4 | Reached XP level 26. HP: 122/259 MP: 19/34
 51802 | Depths:4 | Found a gateway to a ziggurat.
 51803 | Depths:4 | Paralysed by a floating eye for 2 turns
 51813 | Depths:4 | Paralysed by a floating eye for 2 turns
 51843 | Depths:4 | Paralysed by a floating eye for 4 turns
 51851 | Depths:4 | Paralysed by a floating eye for 4 turns
 51869 | Depths:4 | Paralysed by a floating eye for 2 turns
 51888 | Depths:4 | Paralysed by a floating eye for 3 turns
 51893 | Depths:4 | Paralysed by a floating eye for 2 turns
 51897 | Depths:4 | Paralysed by a floating eye for 3 turns
 51908 | Depths:4 | Paralysed by a floating eye for 2 turns
 51916 | Depths:4 | Paralysed by a floating eye for 2 turns
 51927 | Depths:4 | Found a one-way gate to the infinite horrors of the Abyss.
 52075 | Depths:4 | Found Kiraan's Magic Scroll Emporium.
 52079 | Depths:4 | Bought a scroll of enchant armour for 150 gold pieces
 52525 | Depths:5 | Entered Level 5 of the Depths
 52567 | Depths:5 | Received a gift from Okawaru
 52635 | Depths:5 | Found a gate to the Realm of Zot.
 52773 | Depths:5 | Received a gift from Okawaru
 53211 | Depths:5 | Identified the cursed +1 broad axe "Sic Buf" {venom, Dex+2}
                  | (You found it on level 5 of the Depths)
 53388 | Depths:5 | Found Osihast's Assorted Antiques.
 53395 | Depths:5 | Bought a smoking plate armour for 700 gold pieces
 53395 | Depths:5 | Identified the cursed +1 plate armour of Indomitability
                  | {rF+} (You bought it in a shop on level 5 of the Depths)
 54058 | Crypt:2  | Reached skill level 26 in Fighting
 54085 | Crypt:2  | Found a basalt altar of Yredelemnul.
 54236 | Crypt:2  | Noticed Boris
 54248 | Crypt:2  | Killed Boris
 54580 | Crypt:3  | Entered Level 3 of the Crypt
 54856 | Crypt:3  | Received a gift from Okawaru
 54857 | Crypt:3  | Got a jet-studded ring mail {god gift}
 55072 | Crypt:3  | Found a basalt altar of Yredelemnul.
 55248 | Crypt:3  | Got a twitching golden ring
 55248 | Crypt:3  | Got a flickering amber ring
 55249 | Crypt:3  | Identified the ring of Peudoj {rElec rF+ rN+ Int+5} (You
                  | found it on level 3 of the Crypt)
 55259 | Crypt:3  | Got a vibrating lead ring
 55261 | Crypt:3  | Identified the ring "Bithrec" {rN+ MR+ Str-2 Dex+2 Stlth+}
                  | (You found it on level 3 of the Crypt)
 55263 | Crypt:3  | Identified the ring of Suppea Qulao {+Inv rN+ MR++ Int+4
                  | Slay-6} (You found it on level 3 of the Crypt)
 55282 | Crypt:3  | Got a twisted flail
 55283 | Crypt:3  | Identified the +9 flail of Izezidod {pain, *Noise rF+ Int-4
                  | Dex+5} (You found it on level 3 of the Crypt)
 55988 | Crypt:3  | Noticed an ancient lich
 56000 | Crypt:3  | Killed an ancient lich
 56190 | Crypt:3  | Found a staircase to the Tomb.
 56223 | Tomb:1   | Entered Level 1 of the Tomb of the Ancients
 56402 | Tomb:1   | Reached XP level 27. HP: 269/269 MP: 25/34
 57033 | Tomb:1   | Received a gift from Okawaru
 57088 | Tomb:1   | Noticed an ancient lich
 57103 | Tomb:1   | Killed an ancient lich
 57533 | Tomb:2   | Noticed a greater mummy
 57538 | Tomb:2   | Noticed a greater mummy
 57539 | Tomb:2   | Noticed an ancient lich
 57541 | Tomb:2   | Reached skill level 27 in Fighting
 57543 | Tomb:2   | Noticed an ancient lich
 57551 | Tomb:2   | Killed a greater mummy
 57559 | Tomb:2   | Killed an ancient lich
 57559 | Tomb:2   | Received a gift from Okawaru
 57561 | Tomb:2   | HP: 9/270 [ancient lich/poison arrow (8)]
 57566 | Tomb:2   | HP: 5/273 [bennu (11)]
 57567 | Tomb:2   | Killed an ancient lich
 57567 | Tomb:2   | Killed by a mummy priest's death curse

Levels and vault maps discovered:
D:1:      minmay_arrival_three_doors, layout_basic, feat_on_display
D:2:      layout_loops_cross, lemuel_doored_altar, uniq_robin
D:3:      cheibrodos_pilgrimage, layout_loops_cross,
          nicolae_overflow_hidden_temple, first_ration, grunt_ministairs_9,
          elyvilon_altar_1
D:4:      layout_rooms, uniq_eustachio
D:5:      layout_loops_ring, nicolae_overflow_crystal_walls,
          overflow_temple_1_default, gammafunk_temple_overflow_claw,
          minmay_misc_feat_pillars
D:6:      layout_gridville, xom_confusion_cloud, minmay_temple_entry_poolview
D:7:      layout_basic, lightli_ossuary_entry_decrepit_ruins,
          nemelex_diamond_rough_becter
D:8:      layout_basic, lemuel_round_altar, lemuel_round_altar,
          minmay_shop_enchanted_jewellery, grunt_ogre_cave, uniq_grum
D:9:      minmay_spotlight, layout_small_grid, lemuel_crystal_altar,
          lemuel_coloured_pillars_altar, lemuel_blue_sif_altar
D:10:     lemuel_slime, layout_cross, erik_lair_orcish_takeover,
          hangedman_minor_magic
D:11:     minmay_angry_zag, layout_basic, uniq_erica
D:12:     layout_cave_pools, david_orc_1_choice, serial_shops,
          nicolae_shop_crystal
D:13:     layout_long_grid, minmay_fractal_squares_gapless_5
D:14:     layout_loops_corners, skrybe_vaults_entry_preservation,
          grunt_decor_fettered, uniq_rupert
D:15:     hangedman_depths_entry_try_elsewhere_first, layout_irregular_city,
          gauntlet_entry_generic, einodemon_armed_red_devil_minivault,
          uniq_nessos
Temple:   jpeg_temple_island
Lair:1:   layout_misc_corridors, basic_altar, infiniplex_staircase_pool,
          lemuel_fruit_fields, serial_bayou_shore_a
Lair:2:   hangedman_what_comes_after_a, layout_small_grid,
          minmay_snake_entry_guardpost_small, minivault_25,
          grunt_forest_stairs_basic, chequers_serial_rivers_micro_d,
          wad_woods_antlair
Lair:3:   layout_regular_city, grunt_megastairs_2
Lair:4:   layout_regular_city, elwin_shoals_entry_stream
Lair:5:   layout_regular_city, grunt_megastairs_4, uniq_urug
Lair:6:   minmay_lair_end_frog_pond, layout_long_grid, slime_altar_2
Shoals:1: layout_shoals, serial_shops, shop
Shoals:2: layout_shoals, serial_shops,
          nicolae_shop_temple_entry_statues_fountains
Shoals:3: layout_shoals, nicolae_shoals_water_shrine, uniq_bai_suzhen,
          uniq_polyphemus
Shoals:4: shoals_end_simple, layout_shoals, yaktaur_hedge
Snake:1:  gammafunk_the_bubble [the_bubble_gammafunk_grid], layout_chambers,
          uniq_aizul, uniq_azrael
Snake:2:  nicolae_cobra_stairs, layout_basic,
          portal_ice_cave_entry_frozen_things, grunt_megastairs_1
Snake:3:  layout_misc_corridors, serial_shops, nicolae_shop_statue_plus
Snake:4:  snake_pit_salamanders_mu, layout_onion_interference,
          serial_bayou_shore_b
Orc:1:    cheibrodos_orc_bank, layout_diamond_mine, serial_shops,
          nicolae_shop_crystal
Orc:2:    pubby_orc_utopia
Elf:1:    minmay_elf_arrival_circle, layout_geoelf_diagonals,
          hangedman_corner_corridor, lemuel_flamethrower_hall
Elf:2:    layout_gridlike, gammafunk_ghost_split, serial_shops,
          nicolae_shop_waterfront, uniq_asterion
Elf:3:    elf_hall, layout_gridlike, serial_shops, shop, nicolae_shop_trees,
          nicolae_shop_stone, shop_scrolls
Vaults:1: gammafunk_vaults_ghost_split, v_rooms_6,
          hangedman_vaults_corner_blocks, v_alt_pattern_4,
          ontoclasm_vaults_gateway, vaults_mumra_bighexcomb, grunt_vaults_focal,
          hangedman_vaults_variations, vaults_room_door_hall,
          nicolae_vaults_windows_and_doors_thing,
          ontoclasm_vaults_decontamination, ontoclasm_vaults_eye,
          layout_vaults_omnicross
Vaults:2: dpeg_vaults_monster_row, hangedman_vaults_stretched_pinwheel,
          v_rooms_5, hangedman_vaults_cutoff, grunt_vaults_funnel,
          layout_vaults_omnigrid
Vaults:3: nicolae_vaults_network_periphery, vaults_standard_mumra_lines,
          ontoclasm_vaults_shout, hangedman_vaults_nails,
          nicolae_vaults_twisting_passages, minmay_crypt_entry_nasty_monster,
          v_misc_10, hangedman_vaults_corner_blocks, v_misc_10,
          ontoclasm_vaults_pinch, nicolae_vaults_little_squares_3,
          ontoclasm_vaults_idyll, ontoclasm_vaults_fault, layout_vaults_ring
Vaults:4: hangedman_vaults_river_flow, st_squares, v_misc_17,
          hangedman_vaults_capsules, hangedman_vaults_pinch, vaults_mumra_hex,
          v_misc_12, nicolae_vaults_network_s, vaults_dpeg_cross,
          hangedman_vaults_impose, nicolae_vaults_angled_halls,
          nicolae_vaults_circle_grid_b, layout_vaults_maze_bifur, serial_shops,
          bzr_entry_dummy, uniq_sojobo, uniq_boris, uniq_jory, uniq_mennas
Vaults:5: uniq_saint_roka
Crypt:1:  hangedman_staggered_hall, layout_chaotic_city,
          gammafunk_ghost_necromancy, minmay_misc_feat_rows
Crypt:2:  layout_gridlike, basic_altar
Crypt:3:  church_of_pain_bobbens, layout_chaotic_city,
          nicolae_tomb_entry_unfolded_pyramid_orthogonal, grunt_ministairs_13
Tomb:1
Tomb:2
Depths:1: minmay_shrinking_squares, layout_cave_pools, hell_entry,
          mu_enter_wizlab_5, serial_bayou_pond_a, minmay_misc_feat_rugged,
          grunt_decor_clamped, minmay_misc_feat_tiny, serial_bayou_shore_b,
          serial_bayou_shore_b
Depths:2: cheibrodos_birdhouse, layout_gridlike, minmay_misc_feat_more_columns,
          hangedman_tar_grid_catacomb, infiniplex_staircase_star
Depths:3: minmay_central_circle, layout_small_grid, grunt_pan_entry_spiral,
          hell_entry, special_room [special_room_morgue],
          infiniplex_staircase_spiral_double
Depths:4: hourglass_vault, layout_basic, enter_ziggurat_c,
          minmay_room_of_horrors, hell_entry, hangedman_abyss_or_decor_stagger,
          grunt_megastairs_3, minmay_shop_star
Depths:5: grunt_zot_entry_alcove, layout_honeycomb, serial_shops, shop,
          minmay_misc_feat_enclosed, pf_hell_entry_great_geh, st_stairs_8

Skill      XL: |  1  2  3  4  5  6  7  8  9 10 11 12 13 14 15 16 17 18 19 20 21 22 23 24 25 26 27 |
---------------+----------------------------------------------------------------------------------+-----
Fighting       | 4 5 6 7 8 9 10 11 12 13 15 17 19 20 22 23 24 25 26 27 | 27.0
Shields        | 4 5 6 8 9 10 11 12 13 14 15 17 18 19 20 | 20.2
Armour         | 4 5 6 7 8 9 10 11 12 13 15 16 17 18 19 20 21 22 | 22.4
Axes           | 3 4 5 6 7 9 10 11 12 13 14 15 16 18 20 22 23 24 25 | 25.4
Dodging        | 1 2 3 4 5 6 7 8 9 10 11 12 13 15 16 17 18 | 18.6
Throwing       | 1 2 3 4 5 6 7 8 9 10 | 10.0
Evocations     | 2 3 4 5 6 7 |  7.7
Invocations    | 2 3 5 6 7 8 9 10 11 12 13 14 15 16 17 | 17.9

Action                   |  1- 3 |  4- 6 |  7- 9 | 10-12 | 13-15 | 16-18 | 19-21 | 22-24 | 25-27 || total
-------------------------+-------+-------+-------+-------+-------+-------+-------+-------+-------++-------
Melee: War axe           |    86 |   125 |   334 |   321 |       |       |       |       |       ||   866
       Headbutt          |    13 |    25 |    73 |   111 |   178 |   208 |   367 |   341 |   284 ||  1600
       Broad axe         |       |       |       |   209 |   748 |   720 |  1127 |   896 |   817 ||  4517
       Hand axe          |       |       |       |       |       |       |       |    35 |       ||    35
Throw: Boomerang         |       |       |     4 |   101 |   118 |   140 |       |       |       ||   363
       Javelin           |       |       |       |    92 |     4 |   334 |   202 |   203 |   259 ||  1094
Invok: Heroism           |       |       |     1 |    16 |     9 |    11 |    12 |    19 |    10 ||    78
       Finesse           |       |       |       |     4 |     7 |     8 |     5 |    10 |     7 ||    41
 Abil: Evoke Flight      |       |       |       |       |       |     2 |     3 |       |       ||     5
Evoke: Wand              |       |       |       |     1 |     3 |       |     1 |       |       ||     5
  Use: Scroll            |       |     9 |    13 |     9 |    12 |    17 |    13 |    17 |     7 ||    97
       Potion            |       |     2 |     4 |    10 |     3 |    10 |     3 |     3 |     9 ||    44
 Stab: Invisible         |       |       |       |       |     1 |       |     3 |       |       ||     4
       Distracted        |       |       |       |       |       |       |     1 |     1 |       ||     2
       Sleeping          |       |       |       |       |       |       |     1 |       |       ||     1
       Petrified         |       |       |       |       |       |       |       |       |     5 ||     5
  Eat: Chunk             |       |     3 |    25 |    14 |    20 |     4 |    15 |     5 |     1 ||    87
       Ration            |       |     1 |       |       |     3 |    10 |     4 |     5 |     8 ||    31
Armor: Scale mail        |    44 |    43 |    98 |   107 |       |       |       |       |       ||   292
       Plate armour      |       |       |       |    54 |   261 |    27 |    68 |       |       ||   410
       Storm dragon scal |       |       |       |       |       |   178 |     9 |       |       ||   187
       Chain mail        |       |       |       |       |       |    27 |       |       |       ||    27
       Gold dragon scale |       |       |       |       |       |       |   126 |   208 |   228 ||   562
       Ring mail         |       |       |       |       |       |       |     4 |       |       ||     4
Dodge: Dodged            |    32 |    45 |   135 |   252 |   254 |   294 |   274 |   227 |   252 ||  1765
Block: Shield            |    43 |    74 |   194 |   311 |   506 |   551 |   582 |    53 |       ||  2314
       Large shield      |       |       |       |       |       |       |       |   767 |   739 ||  1506
